 Dungeon Crawl Stone Soup version 0.19.4-8-ga85b6b9 (webtiles) character file.

345 Heskey the Skirmisher (level 6, -7/67 HPs)
             Began as an Ogre Hunter on Feb 6, 2017.
             Killed by divine providence
             ... invoked by an orc priest
              (13 damage)
             ... on level 3 of the Dungeon.
             The game lasted 00:05:14 (3411 turns).

Heskey the Skirmisher (Ogre Hunter)                 Turns: 3411, Time: 00:05:15

Health: -7/67      AC:  3    Str: 20    XL:     6   Next: 58%
Magic:  6/6        EV: 11    Int: 10    God:
Gold:   109        SH:  0    Dex: 10    Spells: 0 memorised, 5 levels left

rFire  . . .     SeeInvis .     e - +0 flail
rCold  . . .     Gourm    .     b - +0 robe
rNeg   . . .     Faith    .     (no shield)
rPois  .         Spirit   .     (helmet restricted)
rElec  .         Reflect  .     (no cloak)
rCorr  .         Harm     .     (gloves unavailable)
MR     .....                    (boots unavailable)
Stlth  +.........               (no amulet)
                                (no ring)
                                (no ring)

@: no status effects
A: unfitting armour, tough skin 1
a: no special abilities


You were on level 3 of the Dungeon.
You were not hungry.

You visited 1 branch of the dungeon, and saw 3 of its levels.

You collected 109 gold pieces.

Inventory:

Hand Weapons
 e - a +0 flail (weapon)
 j - a +2 dagger of draining
Missiles
 c - 5 large rocks (quivered)
 d - 2 throwing nets
Armour
 b - a +0 robe (worn)
Scrolls
 a - 5 scrolls of remove curse {unknown}
 g - 3 scrolls of identify {unknown}
 l - a scroll of enchant armour {unknown}
 o - 2 scrolls of blinking {unknown}
 p - 2 scrolls of noise {unknown}
Potions
 h - a potion of heal wounds {unknown}
 i - a potion of berserk rage {unknown}
 k - a potion of beneficial mutation {unknown}
 m - a potion of flight {unknown}
 n - 2 potions of curing {unknown}
Comestibles
 f - 2 bread rations
 q - 2 fruits
 r - a chunk of flesh


   Skills:
 + Level 5.7 Fighting
 - Level 0.6 Short Blades
 + Level 1.8 Maces & Flails
 - Level 4.5 Throwing
 + Level 4.1 Dodging
 - Level 0.7 Stealth


You had 5 spell levels left.
You didn't know any spells.

Dungeon Overview and Level Annotations

Branches:
Dungeon (3/15)

Altars:


Innate Abilities, Weirdness & Mutations

You are too large for most types of armour.
You have tough skin. (AC +1)


Message History

The orc priest invokes the aid of Beogh against you.
Beogh smites you!
* * * LOW HITPOINT WARNING * * *
You barely miss the orc priest.
The orc priest is severely wounded.
The orc priest hits you with a club!
* * * LOW HITPOINT WARNING * * *
The orc priest hits you but does no damage.
You closely miss the orc priest.
The orc priest is severely wounded.
The orc priest barely misses you.
You hit the orc priest.
The orc priest is almost dead.
The orc priest mumbles some strange prayers to Beogh against you.
You struggle to resist.
You barely miss the orc priest.
The orc priest is almost dead.
The orc priest calls down the wrath of Beogh upon you.
Beogh smites you!
You die...

#.##.......##
#.#..).$....#
.'.......>.+
#.........#
#.......# #.....#
#[)!# #o# ###@###
# #.....# ♣♣♣♣♣♣♣
.##...).#######.
♣.....♣♣
#................
.......♣♣
#.##.....########
........♣♣#
#.....#
.♣♣.♣♣...♣
#.#.#.#
.♣...♣...♣
#.....#
.........♣
###.###


You could see an orc priest.

Vanquished Creatures
  Sigmund (D:3)
  Terence (D:3)
  An orc wizard (D:3)
  4 adders (D:2)
  An ooze (D:1)
  A worm (D:2)
  2 dart slugs
  A leopard gecko (D:1)
  12 orcs (D:3)
  3 giant cockroaches
  6 goblins
  13 hobgoblins
  8 jackals (D:2)
  5 kobolds
  2 quokkas
  2 ball pythons
  4 bats
  2 frilled lizards
  7 rats
76 creatures vanquished.

Notes
Turn   | Place    | Note
-------+----------+-------------------------------------------
     0 | D:1      | Heskey the Ogre Hunter began the quest for the Orb.
     0 | D:1      | Reached XP level 1. HP: 22/22 MP: 1/1
   254 | D:1      | Reached XP level 2. HP: 15/29 MP: 2/2
  1505 | D:1      | Reached XP level 3. HP: 30/36 MP: 3/3
  1605 | D:2      | Found a faded altar of an unknown god.
  1650 | D:2      | Reached skill level 3 in Fighting
  2104 | D:2      | Reached XP level 4. HP: 30/46 MP: 4/4
  2352 | D:2      | Reached skill level 4 in Fighting
  2506 | D:3      | Noticed Terence
  2519 | D:3      | Killed Terence
  2519 | D:3      | Reached XP level 5. HP: 54/55 MP: 5/5
  3037 | D:3      | Noticed Sigmund
  3048 | D:3      | Killed Sigmund
  3048 | D:3      | Reached skill level 5 in Fighting
  3048 | D:3      | Reached skill level 1 in Maces & Flails
  3048 | D:3      | Reached XP level 6. HP: 17/66 MP: 6/6
  3411 | D:3      | Killed from afar by an orc priest

Skill      XL: |  1  2  3  4  5 |
---------------+----------------+-----
Dodging        | 2 3 4 |  4.1
Fighting       | 3 4 5 |  5.7
Maces & Flails | 1 |  1.8
Short Blades   | |  0.6
Throwing       | |  4.5
Stealth        | |  0.7

Action                   |  1- 3 |  4- 6 || total
-------------------------+-------+-------++-------
Melee: Short sword       |    98 |       ||    98
       Dagger            |    55 |    90 ||   145
       Flail             |       |    71 ||    71
  Use: Potion            |       |     2 ||     2
 Stab: Sleeping          |     2 |       ||     2
  Eat: Chunk             |     1 |     3 ||     4
       Bread ration      |     1 |       ||     1
Armor: Robe              |    32 |    37 ||    69
       Skin              |       |    12 ||    12
Dodge: Dodged            |    77 |    83 ||   160
